 Dungeon Crawl Stone Soup version 0.29.1-12-g30fa7ad0bf (webtiles) character file.

Game seed: 9182819799931831233

127 nachturnus the Slasher (level 5, -1/41 HPs)
             Began as a Human Fighter on Jan 2, 2023.
             Splashed by a jelly's acid (5 damage)
             ... on level 4 of the Dungeon.
             The game lasted 00:09:25 (2729 turns).

nachturnus the Slasher (Human Fighter)              Turns: 2729, Time: 00:09:25

Health: -1/41      AC:  3    Str: 16    XL:     5   Next: 33%
Magic:  5/5        EV:  8    Int:  9    God:
Gold:   147        SH:  5    Dex: 14    Spells: 4/4 levels left

rFire   . . .      SeeInvis .   a - +0 long sword
rCold   . . .      Faith    .   c - +0 buckler
rNeg    . . .      Spirit   .   b - +0 scale mail
rPois   .          Reflect  .   (no helmet)
rElec   .          Harm     .   (no cloak)
rCorr   .          Rampage  .   (no gloves)
Will    .....                   f - +0 pair of boots
Stlth   ..........              (no amulet)
HPRegen 0.13/turn               (no ring)
MPRegen 0.09/turn               (no ring)

@: corroded, hasted, very quick
A: no striking features
a: no special abilities


You were on level 4 of the Dungeon.
You visited 1 branch of the dungeon, and saw 4 of its levels.

You collected 147 gold pieces.

Inventory:

Hand Weapons
 a - a +0 long sword (weapon)
Armour
 b - a +0 scale mail (worn)
 c - a +0 buckler (worn)
 f - a +0 pair of boots (worn)
 k - a +0 tower shield
Jewellery
 m - a +4 ring of evasion
Wands
 p - a wand of light (12)
Scrolls
 e - 2 scrolls of blinking
 g - a scroll of magic mapping {unknown}
 h - a scroll of teleportation {unknown}
 i - 2 scrolls of enchant armour {unknown}
 n - a scroll of immolation {unknown}
 r - a scroll of identify
Potions
 d - a potion of might
 j - 2 potions of attraction
 l - a potion of brilliance
 q - a potion of curing {unknown}


   Skills:
 - Level 3.1 Fighting
 + Level 4.8 Long Blades
 - Level 3.1 Armour
 - Level 3.1 Shields


You had 4 spell levels left.
You didn't know any spells.
Your spell library contained the following spells:

 Spells                   Type           Power      Damage    Failure   Level
 Beastly Appendage        Tmut           0%         N/A       88%         1
 Wereblood                Tmut           0%         N/A       96%         2
 Spider Form              Tmut/Pois      0%         N/A       99%         3
 Fireball                 Conj/Fire      0%         3d3       100%        5
 Starburst                Conj/Fire      0%         6d3       100%        6
 Ignition                 Fire           0%         3d3       100%        8


Dungeon Overview and Level Annotations

Branches:
Dungeon (4/15)
 Temple: D:4-7

Altars:
Elyvilon

Shops:
D:1 (((   D:3 *


Message History

The adder is almost dead.
The adder bites you but does no damage. x2
You hit the adder.
You kill the adder!
You start resting.
A jelly comes into view.
There is a stone staircase leading up here.
You climb upwards.
There is a stone staircase leading down here.
You start resting.
HP restored.
You climb downwards.
The jelly hits you but does no damage.
There is a stone staircase leading up here.
You hit the jelly.
Your hands burn!
The jelly is lightly wounded.
The jelly hits you but does no damage.
You hit the jelly. The acid corrodes you!
Your hands burn!
The jelly is heavily wounded.
The jelly hits you.
You are splashed with acid!
The jelly hits you. The acid corrodes you!
You are splashed with acid!
* * * LOW HITPOINT WARNING * * *
You are too injured to fight recklessly!
The jelly hits you but does no damage.
You climb upwards.
There is a stone staircase leading down here.
You hit the jelly.
Your hands burn!
* * * LOW HITPOINT WARNING * * *
The jelly is heavily wounded.
The jelly hits you but does no damage.
You hit the jelly but do no damage.
Your hands burn!
* * * LOW HITPOINT WARNING * * *
The jelly is heavily wounded.
The jelly hits you but does no damage. The jelly barely misses you.
You climb downwards.
There is a stone staircase leading up here.
It was a potion of haste.
You feel yourself speed up. The jelly hits you but does no damage.
You hit the jelly.
Your hands burn!
You die...

##############
##.J...##.....##
##...@..........#.
#.......[.........
#.................
#.[.......?.......
#................#
#...†..........?..
#.................
##...........?....
#......##........


You could see a jelly.

Vanquished Creatures
  Terence (D:3)
  4 adders
  4 dart slugs
  3 bats
  9 endoplasms
  5 giant cockroaches
  6 goblins
  4 hobgoblins
  3 quokkas
  6 ball pythons
  2 frilled lizards
  4 kobolds
  4 rats
55 creatures vanquished.

Notes
Turn   | Place    | Note
-------+----------+-------------------------------------------
     0 | D:1      | nachturnus the Human Fighter began the quest for the Orb.
     0 | D:1      | Reached XP level 1. HP: 18/18 MP: 1/1
   104 | D:1      | Found Qiabael's Antique Weapon Boutique.
   118 | D:1      | Reached XP level 2. HP: 15/24 MP: 2/2
   442 | D:1      | Found Rofitue's Weapon Emporium.
   482 | D:1      | Reached XP level 3. HP: 23/29 MP: 3/3
   581 | D:1      | Found Wotoben's Weapon Shop.
   943 | D:1      | Reached skill level 3 in Long Blades
  1487 | D:2      | Reached XP level 4. HP: 35/35 MP: 4/4
  1731 | D:2      | Found a white marble altar of Elyvilon.
  1856 | D:2      | Found a faded altar of an unknown god.
  2038 | D:3      | Reached skill level 4 in Long Blades
  2127 | D:3      | Noticed Terence
  2137 | D:3      | Killed Terence
  2138 | D:3      | Reached XP level 5. HP: 24/41 MP: 5/5
  2303 | D:3      | Found Nipocuow's Assorted Antiques.
  2625 | D:4      | Identified the +0 leather armour of Zelathrue {rElec rPois
                  | Str-4}
  2729 | D:4      | Splashed by a jelly's acid

Illustrated notes

Levels and vault maps discovered:
D:1:      matt_arrival_refuge, layout_loops_ring, serial_shops, shop, shop,
          nicolae_diamond_shop, chequers_serial_rivers_micro_d
D:2:      layout_loops_ring, dreamdust_ecumenical_altar_sealed_demon,
          basic_altar, minmay_tall_x
D:3:      layout_basic, serial_shops, nicolae_shop_crystal, uniq_terence
D:4:      layout_rooms, mainiacjoe_overflow_paths,
          mainiacjoe_overflow_cross_hatched, serial_shops, nicolae_shop_trees,
          hangedman_abyss_or_decor_lesser_grid, uniq_crazy_yiuf_cottage

Skill      XL: |  1  2  3  4 |
---------------+-------------+-----
Long Blades    | 3 4 |  4.8
Fighting       | |  3.1
Armour         | |  3.1
Shields        | |  3.1

Action                   |  1- 3 |  4- 6 || total
-------------------------+-------+-------++-------
Melee: Long sword        |    97 |    89 ||   186
  Use: Scroll            |       |     4 ||     4
       Potion            |       |     1 ||     1
Armor: Scale mail        |    38 |    45 ||    83
Dodge: Dodged            |    40 |    42 ||    82
Block: Buckler           |    23 |    26 ||    49
